 Dungeon Crawl Stone Soup version 0.30.1-4-g462c640d31 (webtiles) character file.

Game seed: 7601135808505567670

42 Bobit the Poker (level 3, 0/31 HPs)
             Began as a Gnoll Reaver on Aug 13, 2023.
             Was a Follower of Elyvilon.
             Killed by nerve-wracking pain
             ... invoked by an orc priest
              (6 damage)
             ... on level 3 of the Dungeon.
             The game lasted 00:05:59 (1375 turns).

Bobit the Poker (Gnoll Reaver)                      Turns: 1375, Time: 00:05:59

Health: 0/31       AC:  6    Str: 13    XL:     3   Next: 56%
Magic:  9/9        EV:  9    Int: 12    God:    Elyvilon [*.....]
Gold:   82         SH:  6    Dex: 10    Spells: 6/12 levels left

rFire   + . .        a - +0 spear
rCold   x . .        j - +0 kite shield
rNeg    . . .        m - +0 ring mail
rPois   .            (no helmet)
rElec   .            (no cloak)
rCorr   .            d - +0 pair of gloves
SInv    .            (no boots)
Will    .....        (no amulet)
Stlth   +            t - ring of fire
HPRegen 0.25/turn    (no ring)
MPRegen 0.11/turn

%: no passive effects
@: no status effects
A: fangs 1, strong nose, distributed training
a: Renounce Religion, Purification


You were on level 3 of the Dungeon.
You worshipped Elyvilon.
Elyvilon was aware of your devotion.
You visited 1 branch of the dungeon, and saw 3 of its levels.

You collected 82 gold pieces.

Inventory:

Hand Weapons
 a - a +0 spear (weapon)
 r - a +2 vampiric whip
Armour
 b - a +0 leather armour
 d - a +0 pair of gloves (worn)
 i - a +0 leather armour
 j - a +0 kite shield (worn)
 m - a +0 ring mail (worn)
 q - the +0 robe of the Fiend {rElec rC+ rN+ Str-3}
   (You found it on level 2 of the Dungeon)

   Str:       It affects your strength (-3).
   rC:        It protects you from cold.
   rElec:     It insulates you from electricity.
   rN:        It protects you from negative energy.
Jewellery
 t - a ring of fire (left hand)
Scrolls
 c - a scroll of amnesia {unknown}
 e - a scroll of vulnerability {unknown}
 g - 2 scrolls of blinking {unknown}
 h - a scroll of fear {unknown}
 k - a scroll of identify {unknown}
 l - a scroll of summoning {unknown}
 o - a scroll of magic mapping {unknown}
 p - a scroll of enchant armour {unknown}
Potions
 f - a potion of flight {unknown}
 n - 3 potions of mutation {unknown}
 s - a potion of brilliance {unknown}


   Skills:
 + Level 4.5 Fighting
 + Level 0.9 Short Blades
 + Level 0.9 Long Blades
 + Level 0.9 Axes
 + Level 0.9 Maces & Flails
 + Level 6.5 Polearms
 + Level 0.9 Staves
 + Level 0.9 Ranged Weapons
 + Level 0.9 Throwing
 + Level 0.9 Armour
 + Level 4.5 Dodging
 + Level 0.9 Stealth
 + Level 0.9 Shields
 + Level 0.9 Unarmed Combat
 + Level 5.0 Spellcasting
 + Level 5.4 Conjurations
 + Level 0.6 Hexes
 + Level 0.6 Summonings
 + Level 0.6 Necromancy
 + Level 0.6 Translocations
 + Level 0.6 Transmutations
 + Level 0.6 Fire Magic
 + Level 0.6 Ice Magic
 + Level 0.6 Air Magic
 + Level 0.6 Earth Magic
 + Level 0.6 Poison Magic
 + Level 1.0 Invocations
 + Level 0.9 Evocations


You had 6 spell levels left.
You knew the following spells:

 Your Spells              Type           Power      Damage    Failure   Level
a - Kiss of Death         Conj/Necr      40%        2d8       45%         1
b - Momentum Strike       Conj/Tloc      20%        3d8       58%         2
c - Hailstorm             Conj/Ice       10%        3d5       83%         3

Your spell library contained the following spells:

 Spells                   Type           Power      Damage    Failure   Level
 Static Discharge         Conj/Air       20%        2-3/arc   58%         2
 Airstrike                Air            2%         2d(1-17)  100%        4
 Summon Lightning Spire   Summ/Air       4%         N/A       100%        4


Dungeon Overview and Level Annotations

Branches:
Dungeon (3/15)

Altars:
Elyvilon


Innate Abilities, Weirdness & Mutations

You have very sharp teeth.
Your uncanny sense of smell can sniff out nearby items.
Your experience applies equally to all skills.


Message History

The orc closely misses you.
You hit the orc priest.
The orc priest is almost dead.
The orc priest hits you with a +0 club. The orc hits you with a +0 whip.
The orc completely misses you.
You hit the orc priest but do no damage.
The orc priest is almost dead.
The orc priest invokes the aid of Beogh against you.
Pain shoots through your body! The orc hits you with a +0 whip.
You block the orc's attack.
You hit the orc priest but do no damage.
The orc priest is almost dead.
The orc priest begins to cast a cantrip, but forgets the words!
The orc hits you with a +0 whip. You block the orc's attack.
You closely miss the orc priest.
The orc priest is almost dead.
The orc priest hits you with a +0 club. You block the orc's attack. x2
Cast which spell? (? or * to list)
The spell is astonishingly dangerous to miscast (83% risk of failure)!
Continue anyway?
Okay, then.
Casting: Hailstorm (astonishingly dangerous; 83% risk of failure)
Confirm with . or Enter, or press ? or * to list all spells.
Casting this spell will place you under penance.
Really cast?
Okay, then.
You completely miss the orc priest.
The orc priest is almost dead.
The orc priest closely misses you. You block the orc's attack.
The orc hits you but does no damage.
You hit the orc priest but do no damage.
The orc priest is almost dead.
The orc priest hits you with a +0 club.
* * * LOW HITPOINT WARNING * * *
The orc hits you with a +0 whip.
* * * LOW HITPOINT WARNING * * *
The orc hits you but does no damage.
You barely miss the orc priest.
The orc priest is almost dead.
The orc priest calls down the wrath of Beogh upon you.
Pain shoots through your body!
You die...

#.# ##########.####
#...#.........#
#####...#......##.#
#..............##.#
+++..........>......#
......$........######
......oo.......#
.....oo@=......#
......####....##
..... #....# ....
####.# ... #.# .. ...
. .... ....


You could see an orc priest and 3 orcs.

Vanquished Creatures
  A ball python (D:2)
  2 bats
  3 endoplasms
  3 giant cockroaches
  5 goblins
  5 hobgoblins
  4 jackals (D:1)
  4 kobolds
  3 quokkas (D:2)
  A frilled lizard (D:1)
  3 rats (D:1)
34 creatures vanquished.

Notes
Turn   | Place    | Note
-------+----------+-------------------------------------------
     0 | D:1      | Bobit the Gnoll Reaver began the quest for the Orb.
     0 | D:1      | Reached XP level 1. HP: 20/20 MP: 6/6
   123 | D:1      | Reached XP level 2. HP: 26/26 MP: 7/7
   832 | D:2      | Reached skill level 5 in Spellcasting
   832 | D:2      | Reached XP level 3. HP: 31/31 MP: 7/9
  1010 | D:2      | Found a faded altar of an unknown god.
  1020 | D:2      | Reached skill level 1 in Invocations
  1042 | D:2      | Identified the +0 robe of the Fiend {rElec rC+ rN+ Str-3}
  1192 | D:2      | Learned a level 2 spell: Momentum Strike
  1196 | D:2      | Learned a level 3 spell: Hailstorm
  1329 | D:2      | Prayed at the altar of an unknown god.
  1329 | D:2      | Became a worshipper of Elyvilon the Healer
  1329 | D:2      | Reached * piety under Elyvilon
  1375 | D:3      | Killed from afar by an orc priest

Illustrated notes

Levels and vault maps discovered:
D:1:      onia_arrival_mini_maze, layout_basic
D:2:      layout_basic, hellmonk_ecumenical_altar_lost_god
D:3:      layout_basic, nicolae_goblin_pals, uniq_jessica, uniq_sigmund

Skill      XL: |  1  2  3 |
---------------+----------+-----
Spellcasting   | 5 |  5.0
Invocations    | 1 |  1.0
Fighting       | |  4.5
Short Blades   | |  0.9
Long Blades    | |  0.9
Axes           | |  0.9
Maces & Flails | |  0.9
Polearms       | |  6.5
Staves         | |  0.9
Ranged Weapons | |  0.9
Throwing       | |  0.9
Armour         | |  0.9
Dodging        | |  4.5
Stealth        | |  0.9
Shields        | |  0.9
Unarmed Combat | |  0.9
Conjurations   | |  5.4
Hexes          | |  0.6
Summonings     | |  0.6
Necromancy     | |  0.6
Translocations | |  0.6
Transmutations | |  0.6
Fire Magic     | |  0.6
Ice Magic      | |  0.6
Air Magic      | |  0.6
Earth Magic    | |  0.6
Poison Magic   | |  0.6
Evocations     | |  0.9

Action                     || total
---------------------------++-------
  Melee: Spear             ||   140
         Bite              ||    15
         Whip              ||     9
 Armour: Leather armour    ||    19
         Ring mail         ||    24
  Dodge: Dodged            ||    48
  Block: Kite shield       ||    36
